 Dungeon Crawl Stone Soup version 0.29-a0-529-gfa20dd96a1 (webtiles) character file.

Game seed: 18347263041740493288

100 happo123 the Sneak (level 5, -1/29 HPs)
             Began as a Kobold Enchanter on June 2, 2022.
             Slain by a goblin
             ... wielding a +0 dagger
             ... led by Robin
              (3 damage)
             ... on level 2 of the Dungeon.
             The game lasted 00:04:45 (1619 turns).

happo123 the Sneak (Kobold Enchanter)               Turns: 1619, Time: 00:04:46

Health: -1/29      AC:  3    Str:  5    XL:     5   Next: 3%
Magic:  2/8        EV: 15    Int: 19    God:
Gold:   119        SH:  0    Dex: 15    Spells: 1/9 levels left

rFire   . . .      SeeInvis .   a - +1 dagger
rCold   . . .      Faith    .   (no shield)
rNeg    . . .      Spirit   .   b - +0 robe
rPois   .          Reflect  .   d - +0 helmet
rElec   .          Harm     .   (no cloak)
rCorr   .          Rampage  .   (no gloves)
Will    .....                   (no boots)
Stlth   ++++......              (no amulet)
HPRegen 0.09/turn               (no ring)
MPRegen 0.11/turn               (no ring)

@: slowed, very slow
A: small, no large weapons, nightstalker 3
a: no special abilities


You were on level 2 of the Dungeon.
You visited 1 branch of the dungeon, and saw 2 of its levels.

You collected 119 gold pieces.

Inventory:

Hand Weapons
 a - a +1 dagger (weapon)
Armour
 b - a +0 robe (worn)
 d - a +0 helmet (worn)
Scrolls
 e - a scroll of magic mapping {unknown}
 g - a scroll of noise {unknown}
 h - 2 scrolls of identify {unknown}
 i - 2 scrolls of poison {unknown}
Potions
 c - 2 potions of invisibility
 f - 2 potions of curing {unknown}


   Skills:
 + Level 1.5 Fighting
 + Level 2.4 Short Blades
 + Level 3.0 Dodging
 + Level 4.6 Stealth
 + Level 2.6 Spellcasting
 * Level 3.8 Hexes


You had one spell level left.
You knew the following spells:

 Your Spells              Type           Power      Damage    Failure   Level
a - Ensorcelled Hibernat  Hex/Ice        18%        N/A       11%         2
b - Confusing Touch       Hex            17%        N/A       10%         3
c - Tukima's Dance        Hex            17%        N/A       10%         3

Your spell library contained the following spells:

 Spells                   Type           Power      Damage    Failure   Level
 Slow                     Hex            68%        N/A       3%          1
 Dazzling Flash           Conj/Hex       18%        N/A       22%         3
 Vampiric Draining        Necr           2%         2d6       43%         3


Dungeon Overview and Level Annotations

Branches:
Dungeon (2/15)

Altars:


Innate Abilities, Weirdness & Mutations

You are small and have problems with some larger weapons.
You are completely attuned to the shadows.


Message History

The crimson imp hits you.
* * * LOW HITPOINT WARNING * * *
Natasha mumbles some strange words.
You feel disoriented. Natasha completely misses you.
You hit Natasha.
You kill Natasha!
Natasha yowls pathetically as she dies!
The crimson imp disappears in a puff of smoke!
Your Dodging skill increases to level 3!
You have reached level 5!
You feel clever.
You barely miss the goblin. The goblin barely misses you.
You hit the goblin.
The goblin is moderately wounded.
The goblin hits you with a +0 dagger.
* * * LOW HITPOINT WARNING * * *
The goblin barely misses you.
Aiming: Ensorcelled Hibernation (safe; 11% risk of failure)
Press: ? - help, Q - select action Shift-Dir - straight line, f - goblin
Aim: a goblin, wielding a +0 dagger (moderately wounded, chance to affect: 61%)
The goblin resists with significant effort.
The goblin hits you with a +0 dagger.
* * * LOW HITPOINT WARNING * * *
The goblin attacks as you move away!
The goblin hits you but does no damage. x2
The goblin closely misses you. The goblin attacks as you move away!
The goblin hits you but does no damage. x2
There is a stone staircase leading down here.
The goblin hits you but does no damage. The goblin attacks as you move away!
The goblin barely misses you. x2
The goblin attacks as you move away! The goblin hits you with a +0 dagger.
* * * LOW HITPOINT WARNING * * *
You see here a +0 dagger.
The goblin misses you. The goblin attacks as you move away!
The goblin barely misses you. The goblin misses you.
You see here 5 poisoned darts.
The goblin misses you. The goblin attacks as you move away!
The goblin hits you with a +0 dagger.
You die...

#.# #.# #.# #># #.#
#.# #.# #.# #.# #.#
#####g####.#
....@g...).# #
#####.######
#################.#
..................#
###################
# # #


You could see 2 goblins.

Vanquished Creatures
  Natasha (D:2)
  4 gnolls (D:2)
  A dart slug (D:1)
  2 ball pythons (D:1)
  5 bats
  2 endoplasms (D:2)
  A giant cockroach (D:1)
  3 goblins (D:1)
  7 hobgoblins
  4 kobolds
  A frilled lizard (D:2)
  3 rats (D:1)
34 creatures vanquished.

Vanquished Creatures (others)
  2 fungi (D:2)
2 creatures vanquished.

Grand Total: 36 creatures vanquished

Notes
Turn   | Place    | Note
-------+----------+-------------------------------------------
     0 | D:1      | happo123 the Kobold Enchanter began the quest for the Orb.
     0 | D:1      | Reached XP level 1. HP: 10/10 MP: 3/3
   107 | D:1      | Reached XP level 2. HP: 16/16 MP: 5/5
   110 | D:1      | Learned a level 2 spell: Ensorcelled Hibernation
   415 | D:1      | Reached XP level 3. HP: 20/20 MP: 0/6
   621 | D:1      | Learned a level 3 spell: Confusing Touch
   742 | D:1      | Reached skill level 1 in Fighting
  1223 | D:2      | Reached XP level 4. HP: 25/25 MP: 7/7
  1532 | D:2      | Learned a level 3 spell: Tukima's Dance
  1560 | D:2      | Noticed Natasha
  1600 | D:2      | Killed Natasha
  1601 | D:2      | Reached XP level 5. HP: 4/29 MP: 1/8
  1603 | D:2      | HP: 1/29 [goblin/+0 dagger[Robin] (2)]
  1613 | D:2      | HP: 1/29 [goblin/+0 dagger[Robin] (1)]
  1619 | D:2      | Slain by a goblin

Illustrated notes

Levels and vault maps discovered:
D:1:      nicolae_arrival_memento_mori, layout_basic, minmay_split_cup_large
D:2:      layout_loops_ring, serial_shops, shop_statue,
          shapermc_ecumenical_altar_acropolis, uniq_natasha, uniq_robin

Skill      XL: |  1  2  3  4 |
---------------+-------------+-----
Fighting       | 1 |  1.5
Short Blades   | 2 |  2.4
Dodging        | 3 |  3.0
Stealth        | |  4.6
Spellcasting   | |  2.6
Hexes          | |  3.8

Action                   |  1- 3 |  4- 6 || total
-------------------------+-------+-------++-------
Melee: Dagger            |    50 |    42 ||    92
       Punch             |     1 |       ||     1
 Cast: Ensorcelled Hiber |     6 |     7 ||    13
 Stab: Sleeping          |    22 |     2 ||    24
Armor: Robe              |     5 |    12 ||    17
Dodge: Dodged            |    23 |    43 ||    66

Table legend: (Time is in decaauts)
 A = Elapsed time spent in this place.
 B = Non-inter-level travel time spent in this place.
 C = Inter-level travel time spent in this place.
 D = Time resting spent in this place.
 E = Time spent auto-exploring this place.
 F = Levels seen in this place.
 G = Mean time per level.
                   A        B        C        D        E       F      G
               +--------+--------+--------+--------+--------+-----+--------+
         Total |   1624 |   1500 |    124 |     52 |   1143 |   2 |  812.0 |
       Dungeon |   1624 |   1500 |    124 |     52 |   1143 |   2 |  812.0 |
               +--------+--------+--------+--------+--------+-----+--------+

Top non-repeatable levels by time:
     D:1: 1058 daAuts
     D:2: 565 daAuts
